 Dungeon Crawl Stone Soup version 0.29.1-1-gd02db69 (webtiles) character file.

Game seed: 1028932138262030297

121 Jonnyslop the Poker (level 5, -1/43 HPs)
             Began as a Merfolk Fighter on Oct 22, 2022.
             Slain by a gnoll
             ... wielding a +0 club
             ... led by a gnoll bouda
              (5 damage)
             ... on level 3 of the Dungeon.
             The game lasted 00:02:51 (1926 turns).

Jonnyslop the Poker (Merfolk Fighter)               Turns: 1926, Time: 00:02:52

Health: -1/43      AC:  8    Str: 18    XL:     5   Next: 5%
Magic:  5/5        EV:  6    Int:  8    God:
Gold:   113        SH:  4    Dex: 13    Spells: 4/4 levels left

rFire   . . .      SeeInvis .   a - +0 trident
rCold   . . .      Faith    .   c - +0 buckler
rNeg    . . .      Spirit   .   l - +0 chain mail
rPois   .          Reflect  .   (no helmet)
rElec   .          Harm     .   (no cloak)
rCorr   .          Rampage  .   (no gloves)
Will    .....                   (no boots)
Stlth   ..........              (no amulet)
HPRegen 0.14/turn               (no ring)
MPRegen 0.09/turn               (no ring)

@: mighty
A: (nimble swimmer 2), mertail
a: no special abilities


You were on level 3 of the Dungeon.
You visited 1 branch of the dungeon, and saw 3 of its levels.

You collected 113 gold pieces.

Inventory:

Hand Weapons
 a - a +0 trident (weapon)
Missiles
 f - 6 javelins (quivered)
 h - 6 atropa-tipped darts
Armour
 b - a +0 scale mail
 c - a +0 buckler (worn)
 l - a +0 chain mail (worn)
Wands
 i - a wand of paralysis (1)
Scrolls
 e - a scroll of blinking
 j - a scroll of magic mapping {unknown}
Potions
 g - a potion of cancellation
 k - a potion of degeneration {unknown}


   Skills:
 + Level 4.4 Fighting
 * Level 5.7 Polearms
 - Level 2.1 Armour
 - Level 3.0 Shields


You had 4 spell levels left.
You didn't know any spells.
Your spell library contained the following spells:

 Spells                   Type           Power      Damage    Failure   Level
 Ozocubu's Armour         Ice            0%         N/A       100%        3
 Ozocubu's Refrigeration  Ice            0%         4d7       100%        7


Dungeon Overview and Level Annotations

Branches:
Dungeon (3/15)

Altars:
Uskayaw

Shops:
D:2 (


Innate Abilities, Weirdness & Mutations

((You are very nimble when in or above water. (Stealth+, EV+, Speed+++)))
Your lower body shifts to a powerful aquatic tail in water.


Message History

The gnoll completely misses you.
You hit the gnoll but do no damage.
The gnoll is heavily wounded.
The gnoll hits you with a +0 flail.
You hit the gnoll but do no damage.
The gnoll is heavily wounded.
The gnoll barely misses you. x2
You hit the gnoll.
The gnoll is severely wounded.
The gnoll hits you with a +0 flail.
You hit the gnoll.
You kill the gnoll!
You hit the gnoll.
The gnoll is moderately wounded.
The gnoll hits you but does no damage.
You hit the gnoll.
The gnoll is moderately wounded.
The gnoll hits you with a +0 whip.
* * * LOW HITPOINT WARNING * * *
You closely miss the gnoll.
The gnoll is moderately wounded.
The gnoll hits you but does no damage.
You hit the gnoll.
The gnoll is severely wounded.
The gnoll hits you with a +0 whip.
* * * LOW HITPOINT WARNING * * *
You feel very mighty all of a sudden. The gnoll hits you with a +0 whip.
* * * LOW HITPOINT WARNING * * *
You puncture the gnoll!
You kill the gnoll!
You puncture the gnoll!
You kill the gnoll!
You have reached level 5!
You feel clever.
You barely miss the gnoll. The gnoll hits you but does no damage.
You puncture the gnoll!
The gnoll is heavily wounded.
The gnoll hits you with a +0 club.
You die...

###.###...... #....
.........PPP .##.#..#
#.#.#.#....
......###........#
##....<..........# #
#.....###gg.#......
#.#.....# #.#.# .....
#.......###.#.# ....
##.......@g....# .#.
.......#.####>.# #
.###.##..........#
#.........#.###..##
#...........# ...
..#...........# ..
..#..........####..##
....................
.........#...........


You could see a gnoll.

Vanquished Creatures
  3 gnolls (D:3)
  2 adders (D:2)
  2 worms (D:2)
  6 dart slugs
  6 endoplasms
  2 giant cockroaches
  2 goblins (D:1)
  5 hobgoblins
  6 jackals (D:1)
  4 kobolds (D:1)
  2 quokkas (D:2)
  2 ball pythons (D:1)
  4 bats
  4 frilled lizards
  4 rats
54 creatures vanquished.

Vanquished Creatures (others)
  A plant (D:3)
1 creature vanquished.

Grand Total: 55 creatures vanquished

Notes
Turn   | Place    | Note
-------+----------+-------------------------------------------
     0 | D:1      | Jonnyslop the Merfolk Fighter began the quest for the Orb.
     0 | D:1      | Reached XP level 1. HP: 18/18 MP: 1/1
    55 | D:1      | Reached skill level 3 in Polearms
    59 | D:1      | Reached XP level 2. HP: 23/24 MP: 2/2
   303 | D:1      | Reached skill level 4 in Polearms
   349 | D:1      | Reached XP level 3. HP: 16/30 MP: 3/3
   642 | D:1      | Found a faded altar of an unknown god.
  1116 | D:2      | Reached XP level 4. HP: 37/37 MP: 4/4
  1147 | D:2      | Reached skill level 5 in Polearms
  1407 | D:2      | Found a hide-covered altar of Uskayaw.
  1765 | D:2      | Found Qoihaobiwn's Weapon Boutique.
  1925 | D:3      | Reached XP level 5. HP: 3/43 MP: 5/5
  1926 | D:3      | Slain by a gnoll

Illustrated notes

Levels and vault maps discovered:
D:1:      minmay_arrival_cross, layout_rooms,
          hellmonk_ecumenical_altar_dog_temple
D:2:      layout_basic, serial_shops, nicolae_square_shop, basic_altar
D:3:      layout_basic, general_overflow_altar, portal_sewer_entry_d,
          nicolae_grassy_gnolls

Skill      XL: |  1  2  3  4 |
---------------+-------------+-----
Polearms       | 3 4 5 |  5.7
Fighting       | 4 |  4.4
Armour         | |  2.1
Shields        | |  3.0

Action                   |  1- 3 |  4- 6 || total
-------------------------+-------+-------++-------
Melee: Trident           |   115 |    67 ||   182
  Use: Scroll            |     1 |     3 ||     4
       Potion            |       |     1 ||     1
Armor: Scale mail        |    50 |     7 ||    57
       Chain mail        |       |    21 ||    21
Dodge: Dodged            |    34 |    14 ||    48
Block: Buckler           |    24 |     5 ||    29
